AoeStats
← Kulishaak

Arabia

506590354Analyzed
1v1 RM · 19d ago on Sep 14, 2026· 40m 5s· 2 players
Game mode
Random Map
Map size
Tiny (2 player)
Population
200
Speed
Normal
Resources
Standard
Victory
Conquest
Starting age
Dark Age
Ending age
Imperial Age
RankedLock teamsTeams togetherTeam positionsShared explorationLock speedFull tech treeHidden civsTurbo modeCheats
Victory
Defeat
🇻🇳 Huns · Vietnam
1234
+14
🇨🇿 Armenians · Czechia
1188
-14
Kulishaak
1:58 Loom
9:47 Feudal Age
10:20 Double-Bit Axe
11:01 Man-at-Arms
12:40 Long Swordsman
19:19 Scale Mail Armor
22:05 Horse Collar
23:15 Gold Mining
28:57 Castle Age
27:34 Pikeman
28:01 Arson
28:21 Padded Archer Armor
28:43 Fletching
29:02 Elite Skirmisher
29:44 Bodkin Arrow
30:53 Leather Archer Armor
31:53 Wheelbarrow
32:05 Gambesons
32:22 Squires
33:43 Two-Handed Swordsman
Phu Thuy
6:33 Loom
9:01 Feudal Age
10:18 Double-Bit Axe
15:57 Fletching
16:57 Padded Archer Armor
18:54 Forging
20:19 Wheelbarrow
24:21 Castle Age
24:23 Bloodlines
24:24 Crossbowman
25:10 Thumb Ring
26:18 Bodkin Arrow
26:48 Ballistics
27:32 Squires
27:51 Leather Archer Armor
28:59 Horse Collar
31:19 Husbandry
36:06 Scale Barding Armor
35:22 Light Cavalry
Connection lost

Rejoining the realm…

Still unreachable

The connection could not be restored.

Session expired

The server has moved on; the page needs a fresh start.